 Dungeon Crawl Stone Soup version 0.22.1-1-ga44c0e5 (webtiles) character file.

236 Fang the Skirmisher (level 6, -4/39 HPs)
             Began as a Gargoyle Berserker on Sept 24, 2018.
             Was a Believer of Trog.
             Slain by a mummy (16 damage)
             ... in an ossuary on Sept 25, 2018.
             The game lasted 00:04:25 (3270 turns).

Fang the Skirmisher (Gargoyle Berserker)            Turns: 3270, Time: 00:04:25

Health: -4/39      AC:  6    Str: 22    XL:     6   Next: 6%
Magic:  6/6        EV: 12    Int:  8    God:    Trog [**....]
Gold:   136        SH:  0    Dex:  9    Spells: 5/5 levels left

rFire    . . .     SeeInvis .   h - +2 hand axe (venom)
rCold    . . .     Gourm    .   (no shield)
rNeg     + . .     Faith    .   b - +0 animal skin
rPois    ∞         Spirit   .   (no helmet)
rElec    +         Reflect  .   (no cloak)
rCorr    .         Harm     .   (no gloves)
MR       .....                  (no boots)
Stlth    +.........             (no amulet)
HPRegen  0.13/turn              (no ring)
MPRegen  0.10/turn              (no ring)

@: no status effects
A: negative energy resistance 1, electricity resistance, unbreathing,
petrification resistance, rot immunity, AC +4
a: Berserk, Trog's Hand, Renounce Religion


You were in an ossuary.
You worshipped Trog.
Trog was pleased with you.
You were hungry.

You visited 1 branch of the dungeon, and saw 4 of its levels.
You also visited: Ossuary.

You collected 136 gold pieces.

Inventory:

Hand Weapons
 a - a +0 hand axe
 h - a +2 hand axe of venom (weapon)
Armour
 b - a +0 animal skin (worn)
Jewellery
 j - an uncursed ring of resist corrosion {unknown}
 k - an uncursed amulet of the gourmand {unknown}
 r - an uncursed ring of protection from cold {unknown}
Scrolls
 d - 3 scrolls of remove curse {unknown}
 e - a scroll of immolation {unknown}
 g - 4 scrolls of identify {unknown}
 i - 3 scrolls of random uselessness {unknown}
 l - a scroll of amnesia {unknown}
 m - 3 scrolls of teleportation {unknown}
 q - a scroll of noise {unknown}
 s - a scroll of fear {unknown}
 t - a scroll of fog {unknown}
Potions
 f - 2 potions of heal wounds {unknown}
 n - a potion of curing {unknown}
 o - a potion of magic {unknown}
 p - a potion of agility {unknown}
Comestibles
 c - 7 rations


   Skills:
 + Level 4.6 Fighting
 + Level 4.6 Axes
 + Level 2.3 Armour
 + Level 2.4 Dodging
 + Level 0.8 Stealth


You had 5 spell levels left.
You didn't know any spells.
Your spell library was empty.

Dungeon Overview and Level Annotations

Branches:
Dungeon (4/15)
 Temple: D:4-7

Altars:
Cheibriados
Okawaru
Ru
Xom
Yredelemnul


Innate Abilities, Weirdness & Mutations

You are resistant to torment.
Your stone body is resilient. (AC +4)
You are immune to poison.
You resist negative energy. (rN+)
You are resistant to electric shocks. (rElec)
You can survive without breathing.
You are immune to petrification.
You are immune to rotting.


Message History

You are too injured to fight recklessly!
You are too injured to fight recklessly!
You are too injured to fight recklessly!
You are too injured to fight recklessly!
You are too injured to fight recklessly!
You are too injured to fight recklessly!
You are too injured to fight recklessly!
You are too injured to fight recklessly!
You hit the mummy but do no damage.
The mummy is moderately damaged.
The mummy closely misses you.
You slash the mummy!
The mummy is severely damaged.
You completely miss the mummy.
The mummy is severely damaged.
The mummy hits you.
You barely miss the mummy.
The mummy is severely damaged.
You hit the kobold zombie. The mummy hits you!
You die...

....####.####..#
...............#
.#............#
#......####..#
#...8...+ #..#
#......####..#
..............#
..........Z....#
#.#..#.#..#@#..#
#+#..#+#..#M#..#
#. #..#!#..# #
#..###..# ....
...# ..... ..#


You could see a mummy and a kobold zombie.

Vanquished Creatures
  An elf zombie (Ossuary)
  A human zombie (Ossuary)
  2 mummies
  A gnoll (D:1)
  5 adders
  A worm (D:2)
  2 dart slugs (D:1)
  A leopard gecko (D:2)
  6 orcs (D:3)
  5 bats
  3 giant cockroaches
  2 goblins
  5 hobgoblins
  10 kobolds
  2 quokkas
  A ball python (D:1)
  A frilled lizard (D:2)
  A hobgoblin zombie (Ossuary)
  2 kobold zombies (Ossuary)
  An orc zombie (Ossuary)
  9 rats
62 creatures vanquished.

Notes
Turn   | Place    | Note
-------+----------+-------------------------------------------
     0 | D:1      | Fang the Gargoyle Berserker began the quest for the Orb.
     0 | D:1      | Reached XP level 1. HP: 14/14 MP: 1/1
   168 | D:1      | Found an iron altar of Okawaru.
   307 | D:1      | Reached XP level 2. HP: 19/19 MP: 2/2
   802 | D:1      | Reached XP level 3. HP: 17/24 MP: 3/3
  1393 | D:2      | Found a sacrificial altar of Ru.
  1576 | D:2      | Reached ** piety under Trog
  1651 | D:2      | Reached XP level 4. HP: 29/29 MP: 4/4
  2013 | D:3      | Found a sacrificial altar of Ru.
  2185 | D:3      | Found a basalt altar of Yredelemnul.
  2215 | D:3      | Found a snail-covered altar of Cheibriados.
  2488 | D:3      | Found an iron altar of Okawaru.
  2514 | D:3      | Reached XP level 5. HP: 33/33 MP: 5/5
  2539 | D:3      | Found a shimmering altar of Xom.
  2728 | D:4      | Found a sand-covered staircase.
  2789 | Ossuary  | Entered an ossuary
  2789 | Ossuary  | Noticed a wraith
  2789 | Ossuary  | Noticed a wraith
  2789 | Ossuary  | Noticed a wraith
  3088 | Ossuary  | Reached XP level 6. HP: 24/39 MP: 6/6
  3270 | Ossuary  | Slain by a mummy

Skill      XL: |  1  2  3  4 |
---------------+-------------+-----
Axes           | 3 4 |  4.6
Fighting       | 4 |  4.6
Dodging        | 2 |  2.4
Armour         | |  2.3
Stealth        | |  0.8

Action                   |  1- 3 |  4- 6 || total
-------------------------+-------+-------++-------
Melee: Hand axe          |    84 |   103 ||   187
Invok: Berserk           |     1 |     2 ||     3
  Eat: Chunk             |     3 |     3 ||     6
       Ration            |       |     1 ||     1
Armor: Animal skin       |    27 |    18 ||    45
Dodge: Dodged            |    59 |    47 ||   106
